[Event "Team 45 45 League T25"]
[Site "Free Internet Chess Server"]
[Date "2005.01.15"]
[Round "5"]
[White "RussoTuristo"]
[Black "Thalagor"]
[Result "1-0"]
[WhiteElo "1841"]
[BlackElo "1766"]
[TimeControl "2700+45"]

1. c4 Nf6 2. Nc3 e5 3. g3 Bb4 4. Bg2 O-O 5. e3 Re8 6. Nge2 c6 7. O-O d5 8. cxd5 cxd5 9. a3 Ba5 10. d4 e4 11. Nf4 Be6 12. Nxe6 Rxe6 13. Bd2 Nbd7 14. Rc1 Rc8 15. b4 Bb6 16. a4 a6 17. Qb3 Nb8 18. a5 Bc7 19. Bh3 Qe7 20. Bxe6 fxe6 21. Ne2 Ne8 22. f4 Nd6 23. Rc2 Nd7 24. Rfc1 Nc4 25. Be1 h5 26. Rxc4 dxc4 27. Qxc4 Kh7 28. b5 Qa3 29. b6 Nxb6 30. axb6 Bxb6 31. Qxc8 Qxe3+ 32. Bf2 Qxe2 33. Qc2 Qf3 34. Qd1 Qa3 35. Qxh5+   {Black resigns} 1-0

[Event "Team 45 45 League T25"]
[Site "Free Internet Chess Server"]
[Date "2005.01.15"]
[Round "5"]
[White "sidiAhmed"]
[Black "Pilia"]
[Result "0-1"]
[WhiteElo "1704"]
[BlackElo "1915"]
[TimeControl "2700+45"]

1. d4 d5 2. c4 e6 3. Nc3 Nf6 4. Bg5 Be7 5. Nf3 O-O 6. e3 h6 7. Bxf6 Bxf6 8. cxd5 exd5 9. Be2 c6 10. b4 a6 11. O-O Be7 12. Rb1 Bd6 13. Na4 Bf5 14. Bd3 Bxd3 15. Qxd3 Nd7 16. Nc5 Qc7 17. Nxd7 Qxd7 18. Rfc1 Qe7 19. Qc3 Rfe8 20. a4 Qe4 21. b5 cxb5 22. axb5 a5 23. b6 a4 24. Qc2 a3 25. Qxe4 dxe4 26. Nd2 Ra6 27. Nc4 Be7 28. Ra1 Rc8 29. Rc2 Rxb6 30. Nxa3 Ra8 31. Rb1 Rxa3 32. Rcc1 Rab3 33. Rxb3 Rxb3 34. Kf1 Rb2 35. d5 f5 36. Rd1 Bd6 37. h3 Kf7 38. g4 g6 39. gxf5 gxf5 40. Kg2 Ke7 41. Ra1 f4 42. exf4 Bxf4 43. Kf1 Kd6 44. Ra8 Kxd5 45. Rd8+ Ke5 46. Re8+ Kf5 47. Rf8+ Kg5 48. h4+ Kg4 49. Rg8+ Kf3   {White resigns} 0-1

[Event "Team 45 45 League T25"]
[Site "Free Internet Chess Server"]
[Date "2005.01.16"]
[Round "5"]
[White "Plattner"]
[Black "Berk"]
[Result "0-1"]
[WhiteElo "1725"]
[BlackElo "1639"]
[TimeControl "2700+45"]

1. e4 c5 2. Nf3 Nc6 3. Bb5 d6 4. Nc3 Bd7 5. O-O Nf6 6. Re1 e5 7. d3 Be7 8. h3 a6 9. Ba4 b5 10. Bb3 O-O 11. a3 Be6 12. Nd5 a5 13. c3 a4 14. Nxe7+ Qxe7 15. Bc2 Qa7 16. Be3 Na5 17. Nd2 Qd7 18. f4 exf4 19. Bxf4 Nb3 20. Bxb3 axb3 21. d4 cxd4 22. cxd4 Bc4 23. Qf3 Rfe8 24. Nxc4 bxc4 25. e5 dxe5 26. Bxe5 Nd5 27. Rab1 Rac8 28. Bg3 Nf6 29. Bf2 Qd5 30. Rxe8+ Rxe8 31. Qc3 Re2 32. Qg3 g6 33. Be3 Nh5 34. Qb8+ Kg7 35. Bf2 Rxf2 36. Kxf2 Qf5+ 37. Ke3 Qd3+ 38. Kf2 Qxb1 39. Qe5+ Nf6 40. g4 Qe4 41. Qxe4 Nxe4+ 42. Ke2 c3 43. Kd1 cxb2   {White resigns} 0-1

[Event "Team 45 45 League T25"]
[Site "Free Internet Chess Server"]
[Date "2005.01.16"]
[Round "5"]
[White "RFFISCHER"]
[Black "JoeytheBudgie"]
[Result "0-1"]
[WhiteElo "1577"]
[BlackElo "1724"]
[TimeControl "2700+45"]

1. d4 Nf6 2. c4 e6 3. Nf3 Bb4+ 4. Bd2 Qe7 5. Nc3 Bxc3 6. Bxc3 Ne4 7. Qb3 Nxc3 8. Qxc3 d6 9. e3 Nd7 10. Bd3 O-O 11. O-O e5 12. Qc2 Nf6 13. dxe5 dxe5 14. Ng5 h6 15. Ne4 Nxe4 16. Bxe4 c6 17. g3 Be6 18. b3 Rfd8 19. Rfd1 Rxd1+ 20. Rxd1 Rd8 21. Kg2 Rxd1 22. Qxd1 g6 23. f4 exf4 24. exf4 Bxc4 25. Bxg6 Be2 26. Bxf7+ Kxf7 27. Qd4 b6 28. b4 Qe6 29. Qb2 Qe4+ 30. Kg1 Qe3+ 31. Kg2 Qf3+ 32. Kh3 Bf1+ 33. Kh4 Be2 34. Qe5 Qg4#   {White checkmated} 0-1

[Event "Team 45 45 League T25"]
[Site "Free Internet Chess Server"]
[Date "2005.01.15"]
[Round "5"]
[White "YOIULI"]
[Black "geolas"]
[Result "1-0"]
[WhiteElo "1911"]
[BlackElo "1810"]
[TimeControl "2700+45"]

1. e4 c5 2. c3 Nf6 3. e5 Nd5 4. d4 cxd4 5. cxd4 Nc6 6. Bc4 Nb6 7. Bb3 d5 8. exd6 Qxd6 9. d5 Na5 10. Nc3 Nxb3 11. Qxb3 Bd7 12. Be3 Rc8 13. Nge2 e5 14. O-O Nc4 15. Rac1 Qa6 16. Ng3 Nxe3 17. fxe3 Bc5 18. Nce4 b6 19. Nxc5 bxc5 20. Ne4 Qb6 21. Qxb6 axb6 22. Nd6+ Ke7 23. Nxc8+ Rxc8 24. e4 Ra8 25. a3 f6 26. Rf3 Bb5 27. Rb3 Ra5 28. Ra1 Kd7 29. Rg3 g6 30. Rh3 h5 31. Rg3 g5 32. Rf3 Ra4 33. Re1 Ke7 34. Rb3 Ra5 35. a4 Bxa4 36. Rxb6 Bd7 37. b4 cxb4 38. Rxb4 h4 39. Rc1 Ra7 40. Rcb1 Bc8 41. Kf2 g4 42. Rb8 Rc7 43. R1b2 Rc4 44. R8b4 Rc3 45. Ra2 Rc7 46. Rb6 Kf7 47. d6 Rc4 48. Ra7+ Ke8 49. Rb8 Rd4 50. Rxc8#   {Black checkmated} 1-0

[Event "Team 45 45 League T25"]
[Site "Free Internet Chess Server"]
[Date "2005.01.17"]
[Round "5"]
[White "RomaLavrn"]
[Black "Louro"]
[Result "1/2-1/2"]
[WhiteElo "1800"]
[BlackElo "1862"]
[TimeControl "2700+45"]

1. d4 Nf6 2. Nf3 d5 3. Bf4 g6 4. Nbd2 Bg7 5. e3 O-O 6. Bd3 Nbd7 7. c3 c5 8. Qc2 c4 9. Be2 Nb6 10. h4 Bf5 11. Qc1 h5 12. Ng5 Nbd7 13. f3 e5 14. dxe5 Nh7 15. e4 Be6 16. exd5 Bxd5 17. Nxc4 Bxc4 18. Bxc4 Nxe5 19. Bxe5 Bxe5 20. O-O Bg3 21. Rd1 Qc7 22. Rd4 Be5 23. Re4 Nf6 24. Re2 Bf4 25. Bxf7+ Rxf7 26. Qc2 Qb6+ 27. Kh1 Bxg5 28. hxg5 Nd5   {Game drawn by mutual agreement} 1/2-1/2

[Event "Team 45 45 League T25"]
[Site "Free Internet Chess Server"]
[Date "2005.01.16"]
[Round "5"]
[White "mandragora"]
[Black "sacKING"]
[Result "1-0"]
[WhiteElo "1809"]
[BlackElo "1792"]
[TimeControl "2700+45"]

1. e4 e6 2. d4 d5 3. Nc3 dxe4 4. Nxe4 Nf6 5. Bg5 Be7 6. Nxf6+ Bxf6 7. Bxf6 Qxf6 8. c3 Bd7 9. Qf3 Qxf3 10. Nxf3 Nc6 11. Bd3 Ne7 12. O-O Bc6 13. Ne5 f6 14. Nxc6 Nxc6 15. Rfe1 Kd7 16. Bc4 Rhe8 17. Rad1 Re7 18. d5 exd5 19. Bxd5 Rd8 20. Be4+ Kc8 21. Bf5+ Kb8 22. Rxd8+   {Black resigns} 1-0

[Event "Team 45 45 League T25"]
[Site "Free Internet Chess Server"]
[Date "2005.01.16"]
[Round "5"]
[White "silversteel"]
[Black "malevolentmick"]
[Result "0-1"]
[WhiteElo "1748"]
[BlackElo "1663"]
[TimeControl "2700+45"]

1. e4 c5 2. Nf3 d6 3. Bb5+ Bd7 4. Bxd7+ Qxd7 5. O-O Nc6 6. d4 cxd4 7. Nxd4 Nf6 8. Nc3 g6 9. f4 Qc7 10. Ndb5 Qb6+ 11. Kh1 a6 12. Na3 Bg7 13. Nc4 Qc5 14. b3 b5 15. Be3 Qb4 16. Nb6 Qxc3 17. Bd2 Qd4 18. Nxa8 Nxe4 19. Qg4 O-O 20. Nc7 Qxa1 21. Rxa1 Nf2+ 22. Kg1 Nxg4 23. Re1 Bd4+ 24. Kf1 Nxh2+ 25. Ke2 Rc8 26. Nxa6 Ra8 27. Nc7 Rxa2 28. Kd3 Bf6 29. Nxb5 Ng4 30. Rf1 Ra1 31. Rxa1 Bxa1 32. c3 Nf2+ 33. Kc2 Ne4 34. Be1 e5 35. fxe5 Nxe5 36. Kb1 Nd3 37. Kxa1 Nxe1 38. g4 Nc2+ 39. Kb2 Ne3 40. g5 Nxg5 41. Nxd6 Ne6 42. b4 Nd1+ 43. Kc2 Nxc3 44. Kxc3 Kf8 45. b5 Ke7 46. Ne4 f5 47. Nc5 Nxc5   {White resigns} 0-1

[Event "Team 45 45 League T25"]
[Site "Free Internet Chess Server"]
[Date "2005.01.14"]
[Round "5"]
[White "Veit"]
[Black "KymF"]
[Result "0-1"]
[WhiteElo "1907"]
[BlackElo "2105"]
[TimeControl "2700+45"]

1. e4 c5 2. Nf3 d6 3. d4 cxd4 4. Nxd4 Nf6 5. Nc3 a6 6. Bd3 g6 7. O-O Bg7 8. Be3 Ng4 9. Bc4 Nxe3 10. fxe3 e6 11. Qf3 O-O 12. Rad1 Nd7 13. Qg3 Ne5 14. Bb3 b5 15. a3 Bb7 16. Rd2 Qb6 17. Rfd1 Nc4 18. Bxc4 bxc4 19. Nde2 Be5 20. Qf2 Qxb2 21. Rb1 Qxa3 22. Rxb7 Bxc3 23. Nxc3 Qxc3 24. Rxd6 Qa1+ 25. Qf1 Qxf1+ 26. Kxf1 a5 27. Rdd7 a4 28. Rd1 a3 29. Ke2 a2 30. Ra1 Ra3 31. Rb4 Rc8 32. Kd2 Rd8+ 33. Kc1 c3   {White resigns} 0-1

[Event "Team 45 45 League T25"]
[Site "Free Internet Chess Server"]
[Date "2005.01.18"]
[Round "5"]
[White "nham"]
[Black "grandesorciere"]
[Result "1-0"]
[WhiteElo "2012"]
[BlackElo "1842"]
[TimeControl "2700+45"]

1. e4 c5 2. Nc3 Nc6 3. f4 g6 4. Nf3 Bg7 5. Bc4 e6 6. O-O Nge7 7. Qe1 Nb4 8. Bb3 c4 9. Ba4 a6 10. a3 Nbc6 11. Bxc6 Nxc6 12. d3 cxd3 13. cxd3 Nd4 14. Nxd4 Bxd4+ 15. Kh1 O-O 16. e5 d6 17. Qe4 dxe5 18. fxe5 Bxc3 19. bxc3 Qd5 20. Qe2 b5 21. Bh6 Rd8 22. Qf2 f5 23. exf6 Kf7 24. d4 Bb7 25. Rae1 Rac8 26. Bd2 Qb3 27. Qe3 Qd5 28. Rf2 Rh8 29. Qh6 Rcg8 30. Qh3 Re8 31. Bh6   {Black forfeits on time} 1-0

[Event "Team 45 45 League T25"]
[Site "Free Internet Chess Server"]
[Date "2005.01.17"]
[Round "5"]
[White "RomaLavrn"]
[Black "wester"]
[Result "0-1"]
[WhiteElo "1801"]
[BlackElo "1905"]
[TimeControl "2700+45"]

1. d4 d5 2. Nf3 e6 3. Bf4 c5 4. Nc3 Nc6 5. e3 a6 6. Bd3 Nf6 7. Ne5 cxd4 8. Nxc6 bxc6 9. exd4 Qb6 10. Qc1 Qxd4 11. O-O Be7 12. Ne2 Qb6 13. c3 a5 14. Bb1 Ba6 15. Qc2 c5 16. Re1 Rc8 17. Qd2 O-O 18. Ng3 Rfd8 19. Bg5 d4 20. Qf4 Qxb2 21. Qh4 d3 22. Nf5 exf5 23. Rxe7 Ne4 24. Rxe4 fxe4   {White resigns} 0-1

[Event "Team 45 45 League T25"]
[Site "Free Internet Chess Server"]
[Date "2005.01.13"]
[Round "5"]
[White "noHz"]
[Black "fismoluni"]
[Result "1-0"]
[WhiteElo "1826"]
[BlackElo "1681"]
[TimeControl "2700+45"]

1. e4 c5 2. Nf3 d6 3. d4 cxd4 4. c3 dxc3 5. Nxc3 e6 6. Bc4 Nc6 7. O-O a6 8. Qe2 Nf6 9. Rd1 Qc7 10. Bf4 Be7 11. Rac1 O-O 12. h3 Rd8 13. Bb3 b5 14. Nd5 exd5 15. exd5 Bb7 16. dxc6 Bxc6 17. Nd4 Re8 18. Nxc6 Bf8 19. Qd3 Qb7 20. Nb4 Ne4 21. Bd5 Nc5 22. Qf3   {Black resigns} 1-0

[Event "Team 45 45 League T25"]
[Site "Free Internet Chess Server"]
[Date "2005.01.17"]
[Round "5"]
[White "Bengbula"]
[Black "fileman"]
[Result "1-0"]
[WhiteElo "2090"]
[BlackElo "1843"]
[TimeControl "2700+45"]

1. d4 Nc6 2. Nf3 d5 3. g3 Bg4 4. Bg2 Qd7 5. c4 e6 6. O-O O-O-O 7. Qa4 Kb8 8. cxd5 exd5 9. Nc3 f6 10. Bd2 Bxf3 11. Bxf3 Ne5   {Black resigns} 1-0

[Event "Team 45 45 League T25"]
[Site "Free Internet Chess Server"]
[Date "2005.01.14"]
[Round "5"]
[White "lodda"]
[Black "Nogger"]
[Result "0-1"]
[WhiteElo "1944"]
[BlackElo "2086"]
[TimeControl "2700+45"]

1. d4 Nf6 2. c4 g6 3. Nc3 Bg7 4. e4 d6 5. f3 O-O 6. Be3 e5 7. dxe5 dxe5 8. Qxd8 Rxd8 9. Nd5 Nxd5 10. cxd5 c6 11. Bc4 b5 12. Bb3 a5 13. dxc6 Nxc6 14. Bd5 Ra6 15. Bg5 Re8 16. Ne2 Nb4 17. O-O-O Nxd5 18. Rxd5 Be6 19. Rc5 b4 20. Kb1 h6 21. Be3 Rd8 22. Rhc1 Rd3 23. Bf2 Bf8 24. Rc7 a4 25. Bg3 Rd2 26. R7c2 Bxa2+ 27. Ka1 Rxc2 28. Rxc2 Bb3 29. Rd2 Rd6 30. Be1 Bc4 31. Rxd6 Bxd6 32. Nc1 b3 33. Bc3 h5 34. g3 f6 35. Kb1 Kf7 36. Bd2 Ke6 37. Ka1 a3 38. bxa3 Bxa3 39. Kb1 b2 40. Na2 Bd3#   {White checkmated} 0-1

[Event "Team 45 45 League T25"]
[Site "Free Internet Chess Server"]
[Date "2005.01.18"]
[Round "5"]
[White "fege"]
[Black "Huevon"]
[Result "1-0"]
[WhiteElo "2034"]
[BlackElo "1990"]
[TimeControl "2700+45"]

1. e4 e6 2. d4 d5 3. Nc3 Nf6 4. e5 Nfd7 5. f4 c5 6. Nf3 Nc6 7. Be3 Qb6 8. Na4 Qa5+ 9. c3 cxd4 10. b4 Qd8 11. Nxd4 Nb6 12. Nxb6 Qxb6 13. Bb5 Bd7 14. O-O Be7 15. Qf3 Qc7 16. Bxc6 bxc6 17. Nb3 O-O 18. Qg3 f5 19. Bc5 Bc8 20. Bxe7 Qxe7 21. Nc5 a5 22. a3 Ba6 23. Rfb1 Rfb8 24. Qe3 Bc4 25. bxa5 Rxb1+ 26. Rxb1 Rxa5 27. Rb8+   {Black resigns} 1-0

[Event "Team 45 45 League T25"]
[Site "Free Internet Chess Server"]
[Date "2005.01.14"]
[Round "5"]
[White "Pilia"]
[Black "twinders"]
[Result "1-0"]
[WhiteElo "1911"]
[BlackElo "1636"]
[TimeControl "2700+45"]

1. e4 c5 2. Nf3 d6 3. d4 cxd4 4. Nxd4 Nf6 5. Nc3 a6 6. Bg5 Nbd7 7. Be2 g6 8. O-O Bg7 9. Qd2 O-O 10. Rab1 Re8 11. Rfd1 Qc7 12. a4 Nc5 13. Bf3 Rb8 14. Bxf6 Bxf6 15. Nd5 Qd8 16. Nxf6+ exf6 17. Qf4 Ne6 18. Nxe6 Rxe6 19. Rd4 Qb6 20. Qd2 a5 21. Bg4 Re5 22. Rxd6 Qb4 23. Qxb4 axb4 24. Rd8+ Kg7 25. Rxc8 Rxc8 26. Bxc8 Rxe4 27. Bxb7 Rc4 28. a5 Rxc2 29. a6   {Black resigns} 1-0

[Event "Team 45 45 League T25"]
[Site "Free Internet Chess Server"]
[Date "2005.01.17"]
[Round "5"]
[White "mrmahoon"]
[Black "MStav"]
[Result "0-1"]
[WhiteElo "1619"]
[BlackElo "1722"]
[TimeControl "2700+45"]

1. e4 c6 2. d4 d5 3. e5 Bf5 4. Bd3 Bxd3 5. Qxd3 e6 6. Nf3 Nd7 7. Nc3 c5 8. b3 cxd4 9. Qxd4 Bc5 10. Qd3 Qb6 11. O-O Ne7 12. Qb5 a6 13. Qxb6 Bxb6 14. Bf4 Ng6 15. Ne2 Bc7 16. Rae1 Ndxe5 17. Nxe5 Bxe5 18. Bxe5 Nxe5 19. Nd4 Nc6 20. Nf3 Rc8 21. c3 O-O 22. Rd1 h6 23. Rfe1 Rc7 24. Rc1 Rfc8 25. Rc2 Nb4 26. Rb2 Nd3   {White resigns} 0-1

[Event "Team 45 45 League T25"]
[Site "Free Internet Chess Server"]
[Date "2005.01.15"]
[Round "5"]
[White "couv"]
[Black "Vinoblanca"]
[Result "1-0"]
[WhiteElo "1523"]
[BlackElo "1491"]
[TimeControl "2700+45"]

1. d4 d5 2. Nf3 Nf6 3. Bg5 Nbd7 4. Nbd2 g6 5. Bxf6 Nxf6 6. Ne5 Bg7 7. h3 Qd6 8. e3 Bf5 9. g4 Be6 10. c4 O-O 11. c5 Qd8 12. Qc2 c6 13. O-O-O Qc7 14. f4 Bh6 15. g5   {Black resigns} 1-0

[Event "Team 45 45 League T25"]
[Site "Free Internet Chess Server"]
[Date "2005.01.16"]
[Round "5"]
[White "KlassAct"]
[Black "anish"]
[Result "1-0"]
[WhiteElo "1329"]
[BlackElo "1467"]
[TimeControl "2700+45"]

1. e4 e5 2. Nf3 Nc6 3. Bc4 h6 4. Nc3 Nf6 5. d4 Bb4 6. dxe5 Bxc3+ 7. bxc3 Nxe4 8. Qd5 O-O 9. Qxe4 d6 10. O-O dxe5 11. Bd3 f5 12. Qc4+ Kh8 13. Nd2 e4 14. Be2 Qf6 15. Bd1 Be6 16. Qe2 Qxc3 17. Rb1 b6 18. Bb2 Qb4 19. Qe3 Bxa2 20. Bxg7+   {Black resigns} 1-0

[Event "Team 45 45 League T25"]
[Site "Free Internet Chess Server"]
[Date "2005.01.12"]
[Round "5"]
[White "MattBinMi"]
[Black "twinders"]
[Result "0-1"]
[WhiteElo "1591"]
[BlackElo "1637"]
[TimeControl "2700+45"]

1. e4 c5 2. d4 cxd4 3. c3 dxc3 4. Nxc3 g6 5. Nf3 Bg7 6. e5 Nc6 7. Bf4 a6 8. Bc4 e6 9. O-O Qc7 10. Rc1 Nge7 11. Re1 O-O 12. Bb3 Qd8 13. Qd2 Nf5 14. Ne4 Qb6 15. g4 Nfd4 16. Nxd4 Nxd4 17. Bh6 Nf3+   {White resigns} 0-1

[Event "Team 45 45 League T25"]
[Site "Free Internet Chess Server"]
[Date "2005.01.14"]
[Round "5"]
[White "suequntf"]
[Black "twotowers"]
[Result "1-0"]
[WhiteElo "1476"]
[BlackElo "1597"]
[TimeControl "2700+45"]

1. e4 d6 2. d4 Nf6 3. Nc3 g6 4. Bd3 Bg7 5. Nge2 O-O 6. O-O Nbd7 7. Bd2 e5 8. a3 exd4 9. Nxd4 Nc5 10. Nde2 Re8 11. Ng3 Nxd3 12. cxd3 Be6 13. d4 c6 14. Qc1 Qc7 15. h3 Re7 16. Bg5 Bb3 17. Qd2 Rd7 18. d5 c5 19. Bh6 Re8 20. Bxg7 Kxg7 21. Nf5+ gxf5 22. Qg5+ Kf8 23. Qxf6 Qd8 24. Qh8+ Ke7 25. Qxh7 fxe4 26. Rfe1 Rg8 27. Nxe4 Kf8 28. Qh6+ Rg7 29. Nf6   {Black resigns} 1-0

[Event "Team 45 45 League T25"]
[Site "Free Internet Chess Server"]
[Date "2005.01.15"]
[Round "5"]
[White "xplan"]
[Black "rgadoury"]
[Result "1-0"]
[WhiteElo "1571"]
[BlackElo "1459"]
[TimeControl "2700+45"]

1. e4 c6 2. d4 d5 3. Nc3 e6 4. Nf3 Be7 5. Bd3 dxe4 6. Nxe4 Nf6 7. O-O Nbd7 8. h3 Nxe4 9. Bxe4 Nf6 10. Re1 O-O 11. Qd3 Nxe4 12. Rxe4 c5 13. Bf4 f5 14. Re3 h6 15. c3 Bd6 16. Ne5 Be7 17. Ng6 Rf7 18. Rg3 cxd4 19. cxd4 Bd6 20. Ne5 Qb6 21. Bxh6 Bxe5 22. dxe5 Bd7 23. b3 Qb5 24. Rd1 Qxd3 25. Rdxd3 Kh7 26. Bxg7 Rxg7 27. Rxg7+ Kxg7 28. Rxd7+ Kg6 29. Rxb7 f4 30. Re7 Kf5 31. Rc7 Kxe5 32. f3 a5 33. Rc5+ Kd4 34. Rc4+ Ke5 35. Kf2 Ra6 36. g3 fxg3+ 37. Kxg3 Kf6 38. h4   {Black resigns} 1-0

[Event "Team 45 45 League T25"]
[Site "Free Internet Chess Server"]
[Date "2005.01.17"]
[Round "5"]
[White "Triplea"]
[Black "clarinetref"]
[Result "0-1"]
[WhiteElo "1321"]
[BlackElo "1500"]
[TimeControl "2700+45"]

1. e4 c5 2. Nf3 Nc6 3. Bc4 e6 4. Nc3 g6 5. d4 cxd4 6. Nxd4 Bg7 7. Be3 Nge7 8. Qd3 Ne5 9. Qe2 Qc7 10. Bb3 a6 11. Rd1 O-O 12. f4 N5c6 13. Nxc6 Nxc6 14. Rd2 Na5 15. Bd4 f6 16. Qe3 Nxb3 17. cxb3 Qd8 18. O-O d6 19. Rfd1 b5 20. Bb6 Qe7 21. Rxd6 e5 22. fxe5 Bg4 23. Nd5 Qxe5 24. Nxf6+ Bxf6 25. R1d5 Qxb2 26. Qf4 Qa1+ 27. Kf2 Bd4+   {White resigns} 0-1

[Event "Team 45 45 League T25"]
[Site "Free Internet Chess Server"]
[Date "2005.01.14"]
[Round "5"]
[White "ahorse"]
[Black "fismoluni"]
[Result "1-0"]
[WhiteElo "1638"]
[BlackElo "1677"]
[TimeControl "2700+45"]

1. d4 Nf6 2. Nf3 d5 3. c4 e6 4. Nc3 c6 5. Bf4 dxc4 6. a4 Bb4 7. Ne5 b5 8. axb5 cxb5 9. e3 Nd5 10. Qc2 f6 11. Nf3 Bd7 12. Be2 Nxf4 13. exf4 Bd6 14. Qe4 Bc6 15. Qxe6+ Qe7 16. Qc8+ Kf7 17. Qxh8 b4 18. d5 Bb7 19. Nb5 Bxf4 20. Qxh7 Bxd5 21. Qh5+   {Black resigns} 1-0

[Event "Team 45 45 League T25"]
[Site "Free Internet Chess Server"]
[Date "2005.01.14"]
[Round "5"]
[White "SamuraiGoroh"]
[Black "Lamtarra"]
[Result "0-1"]
[WhiteElo "1403"]
[BlackElo "1506"]
[TimeControl "2700+45"]

1. e4 d6 2. d4 Nf6 3. f3 g6 4. Bd3 Bg7 5. Ne2 O-O 6. O-O Nc6 7. Bd2 Nd7 8. c3 Nf6 9. Qc1 e5 10. Bg5 exd4 11. Nxd4 Qd7 12. Nf5 gxf5 13. exf5 Ne5 14. Rd1 Nxd3 15. Rxd3 Qxf5 16. Qe3 Re8 17. Qd2 Be6 18. Na3 d5 19. Nb5 Rec8 20. Re1 a6 21. Nd4 Qg6 22. Nxe6 fxe6 23. Rxe6 Qf7 24. Re1 Re8 25. Rxe8+ Rxe8 26. Bxf6 Qxf6 27. Kf2 c6 28. g3 Qf5 29. g4 Qd7 30. c4 d4 31. b4 Qf7 32. Qc2 Qf4 33. Kg2 Be5 34. Kh1 Bf6 35. Qf2 Qc1+ 36. Kg2 Qxc4 37. Rb3 Re2 38. Rb2 Rxf2+ 39. Kxf2 d3 40. Rd2 Bd4+ 41. Kg3 Kf7 42. f4 b6 43. a4 Bc3 44. Rd1 Bxb4 45. g5 Qe4 46. h4 Qe3+ 47. Kg4 Qe2+ 48. Kf5 Qxd1 49. h5 Qc2 50. g6+ hxg6+ 51. hxg6+ Kg7 52. Kg5 d2 53. f5 d1=Q 54. f6+ Kg8 55. f7+ Kg7 56. a5 Qg1+ 57. Kf4 Qcxg6 58. axb6 Qxf7+ 59. Ke4 Qgf1 60. b7 Qxb7 61. Ke5 Bc3+ 62. Ke4 Qe7#   {White checkmated} 0-1

[Event "Team 45 45 League T25"]
[Site "Free Internet Chess Server"]
[Date "2005.01.14"]
[Round "5"]
[White "Hartford"]
[Black "KlassAct"]
[Result "1-0"]
[WhiteElo "1485"]
[BlackElo "1333"]
[TimeControl "2700+45"]

1. c4 g6 2. Nf3 Bg7 3. Nc3 Nf6 4. d4 O-O 5. Bg5 c6 6. e4 d5 7. cxd5 cxd5 8. Bxf6 Bxf6 9. Nxd5 Bh8 10. Rc1 Bg4 11. Nc7   {Black resigns} 1-0

[Event "Team 45 45 League T25"]
[Site "Free Internet Chess Server"]
[Date "2005.01.15"]
[Round "3"]
[White "Triplea"]
[Black "chesstalker"]
[Result "0-1"]
[WhiteElo "1341"]
[BlackElo "1336"]
[TimeControl "2700+45"]

1. e4 e5 2. Nf3 Nc6 3. Bc4 Nf6 4. d3 Bb4+ 5. Bd2 Bxd2+ 6. Qxd2 d6 7. Nc3 Bg4 8. Ng5 O-O 9. Nd5 Nxd5 10. Bxd5 Qf6 11. h3 Bd7 12. Bxc6 bxc6 13. O-O-O Rfb8 14. Rhf1 Rb6 15. f4 Qe7 16. fxe5 Qxe5 17. Rxf7 Qxb2#   {White checkmated} 0-1

[Event "Team 45 45 League T25"]
[Site "Free Internet Chess Server"]
[Date "2005.01.15"]
[Round "5"]
[White "hotjazz"]
[Black "jerryrab"]
[Result "1-0"]
[WhiteElo "1325"]
[BlackElo "1246"]
[TimeControl "2700+45"]

1. e4 d6 2. d4 Nf6 3. Nc3 h6 4. Bd3 g6 5. h3 Bg7 6. Be3 Nc6 7. a3 a6 8. Nge2 d5 9. e5 Ne4 10. Na2 Kf8 11. O-O f6 12. Nf4 fxe5 13. Nxg6+ Kg8 14. c4 exd4 15. Bf4 Rh7 16. Qh5 Nf6 17. Qh4 Be6 18. Rae1 Ne4 19. b3 Bf5 20. Qh5 Qe8 21. Qxf5 e6 22. Qh5 Nf6 23. Qh4 Ne7 24. Rxe6 Qf7 25. Nxe7+ Kh8 26. Ng6+ Kg8 27. cxd5 Nxd5 28. Ne7+ Nxe7 29. Rxe7 Qf6 30. Bxh7+ Kxh7 31. Qxf6   {Black resigns} 1-0

[Event "Team 45 45 League T25"]
[Site "Free Internet Chess Server"]
[Date "2005.01.16"]
[Round "5"]
[White "blkmagic"]
[Black "manyhorses"]
[Result "1-0"]
[WhiteElo "1106"]
[BlackElo "1277"]
[TimeControl "2700+45"]

1. e4 d5 2. exd5 Qxd5 3. Nc3 Qe6+ 4. Be2 Nf6 5. Nf3 h6 6. O-O Qf5 7. Bd3 Qg4 8. h3 Qh4 9. Nxh4 Nc6 10. Bb5 Bd7 11. a3 O-O-O 12. d3 Ne5 13. Qe2 Ng6 14. Nxg6 fxg6 15. Be3 Bxb5 16. Nxb5 Kb8 17. Bxa7+ Kc8 18. Qe6+ Rd7 19. c4 Kd8 20. Rad1 Nh5 21. Rfe1 Nf4 22. Qf7 g5 23. d4 c6 24. g3 Nxh3+ 25. Kf1 g4 26. Nc3 Ng5 27. Qf4 Nf3 28. Qb8#   {Black checkmated} 1-0

[Event "Team 45 45 League T25"]
[Site "Free Internet Chess Server"]
[Date "2005.01.17"]
[Round "5"]
[White "TGV"]
[Black "adingod"]
[Result "0-1"]
[WhiteElo "1795"]
[BlackElo "2148"]
[TimeControl "2700+45"]

1. e4 c5 2. Nf3 d6 3. d4 cxd4 4. Nxd4 Nf6 5. Nc3 a6 6. Bg5 e6 7. Be2 Be7 8. Qd2 O-O 9. h4 b5 10. a3 Bb7 11. f3 Nbd7 12. Nb3 Rc8 13. g4 d5 14. O-O-O dxe4 15. fxe4 Nxe4 16. Bxe7 Nxd2 17. Bxd8 Nxb3+ 18. cxb3 Rfxd8 19. Rhf1 Ne5 20. Rxd8+ Rxd8 21. Nd1 Bd5 22. Kc2 Nc6 23. Nc3 Nd4+ 24. Kd2 Bxb3 25. Ke3 Nxe2 26. Nxe2 Bc4 27. Rc1 Rd3+ 28. Ke4 Rd2 29. Nf4 Rxb2 30. Rd1 g6 31. Rd8+ Kg7 32. Rd7 Rb3 33. a4 bxa4 34. Rc7 Rb4   {White resigns} 0-1

[Event "Team 45 45 League T25"]
[Site "Free Internet Chess Server"]
[Date "2005.01.16"]
[Round "5"]
[White "MStav"]
[Black "Atreus"]
[Result "0-1"]
[WhiteElo "1733"]
[BlackElo "1861"]
[TimeControl "2700+45"]

1. d4 Nf6 2. Nf3 g6 3. c4 Bg7 4. Nc3 d5 5. cxd5 Nxd5 6. e4 Nxc3 7. bxc3 O-O 8. Be2 c5 9. O-O cxd4 10. cxd4 Nc6 11. Bb2 Bg4 12. Rb1 Bxf3 13. Bxf3 Nxd4 14. Bxd4 Bxd4 15. Rxb7 e5 16. Qb3 Rb8 17. Rb1 Rxb7 18. Qxb7 Qa5 19. Qb3 Qd2 20. Rf1 Rc8 21. Bd1 Rc3 22. Qb1 Rc1 23. Qb3 Ra1 24. Qb8+ Kg7 25. Bb3 Bxf2+   {White resigns} 0-1

[Event "Team 45 45 League T25"]
[Site "Free Internet Chess Server"]
[Date "2005.01.18"]
[Round "5"]
[White "MGoo"]
[Black "chesswake"]
[Result "1-0"]
[WhiteElo "1694"]
[BlackElo "1659"]
[TimeControl "2700+45"]

1. d4 d5 2. c4 e6 3. cxd5 exd5 4. Nc3 Nf6 5. Bg5 Nbd7 6. Nf3 c6 7. e3 Qa5 8. Qc2 Ne4 9. a3 Bb4 10. Rc1 Bxc3+ 11. bxc3 Qxa3 12. Bd3 Nxg5 13. Nxg5 h6 14. Nf3 Nf6 15. O-O O-O 16. c4 dxc4 17. Bxc4 Qd6 18. e4 Qe7 19. d5 Qxe4 20. Qxe4 Nxe4 21. dxc6 bxc6 22. Bd3 Nf6 23. Ne5 Bb7 24. Nxc6 Bxc6 25. Rxc6 a5 26. Ra1 Rfd8 27. Bc4 Ra7 28. Ra6 Rxa6 29. Bxa6 Rd5 30. Kf1 Rc5 31. Bb7 Kf8 32. Ke2 Ke7 33. Kd3 Kd6 34. Bf3 Nd5 35. Bxd5 Rxd5+ 36. Kc3 f6 37. Ra4 Kc6 38. Kc4 Rc5+ 39. Kd4 Kb5 40. Rxa5+ Kxa5 41. Kxc5 Ka4 42. f4 Kb3 43. Kd4 Kc2 44. Ke4 Kd2 45. g4 g5 46. fxg5 fxg5 47. Kf5 Ke3 48. Kg6 Kf4 49. h3 Kg3 50. Kxh6 Kxh3 51. Kxg5   {Black resigns} 1-0

[Event "Team 45 45 League T25"]
[Site "Free Internet Chess Server"]
[Date "2005.01.18"]
[Round "5"]
[White "twinders"]
[Black "Pieris"]
[Result "0-1"]
[WhiteElo "1632"]
[BlackElo "1706"]
[TimeControl "2700+45"]

1. d4 f5 2. c4 Nf6 3. Nc3 g6 4. g3 Bg7 5. Bg2 O-O 6. Nf3 d6 7. O-O Qe8 8. Re1 c6 9. e4 Nbd7 10. exf5 gxf5 11. Ng5 e5 12. d5 cxd5 13. Nxd5 Rb8 14. Nc7 Qe7 15. Nge6 Rf7 16. Bg5 Nc5 17. Nxg7 Qxc7 18. Nh5 Nxh5 19. Qxh5 e4 20. Red1 Nd3 21. b3 Be6 22. f3 Qc5+   {White resigns} 0-1